 Dungeon Crawl Stone Soup version 0.27.1-37-g7b29ead8ac (console) character file.

Game seed: 11692725088295808615

88 grimtooth the Gusty (level 4, -1/36 HPs)
             Began as a Deep Elf Air Elementalist on Aug 12, 2023.
             Slain by a kobold brigand (4 damage)
             ... in a sewer.
             The game lasted 00:08:51 (2031 turns).

grimtooth the Gusty (Deep Elf Air Elementalist)     Turns: 2031, Time: 00:08:53

Health: -1/36      AC: 22    Str:  5    XL:     4   Next: 30%
Magic:  0/10       EV:  2    Int: 21    God:
Gold:   67         SH:  0    Dex: 21    Spells: 5/9 levels left

rFire    . . .     SeeInvis .   (no weapon)
rCold    . . .     Faith    .   (no shield)
rNeg     + + +     Spirit   .   (armour currently unavailable)
rPois    +         Reflect  .   (helmet currently unavailable)
rElec    .         Harm     .   (cloak currently unavailable)
rCorr    .         Rampage  .   (gloves currently unavailable)
Will     .....     NoTele   +   (boots currently unavailable)
Stlth    ++........             (no amulet)
HPRegen  0.12/turn              b - +6 ring of dexterity
MPRegen  0.12/turn              (no ring)

@: sluggish, tree-form, very slow
A: stationary, stasis, torment immunity, boosted hp
a: no special abilities


You were in a sewer.
You were a tree.
You visited 1 branch of the dungeon, and saw 3 of its levels.
You also visited: Sewer.

You collected 67 gold pieces.

Inventory:

Hand Weapons
 c - a +0 dagger of speed
Missiles
 e - 6 stones
 g - 11 poisoned darts (quivered)
Armour
 a - a +0 robe (melded)
Magical Staves
 h - a staff of conjuration
Jewellery
 b - a +6 ring of dexterity (left branch)
Scrolls
 d - a scroll of identify {@r4}
 k - a scroll of enchant weapon {unknown}
 l - a scroll of brand weapon {unknown}
Potions
 f - a potion of mutation {unknown}
 i - a potion of lignification
 j - a potion of berserk rage {unknown}
 m - a potion of curing {unknown}


   Skills:
 - Level 2.4 Dodging
 - Level 2.4 Stealth
 - Level 3.0 Spellcasting
 + Level 2.6 Conjurations
 * Level 4.6 Air Magic


You had 5 spell levels left.
You knew the following spells:

 Your Spells              Type           Power      Damage    Failure   Level
a - Shock                 Conj/Air       72%        1d7       3%          1
s - Swiftness             Air            22%        N/A       6%          3

Your spell library contained the following spells:

 Spells                   Type           Power      Damage    Failure   Level
 Static Discharge         Conj/Air       18%        N/A       4%          2
 Airstrike                Air            11%        N/A       21%         4


Dungeon Overview and Level Annotations

Branches:
Dungeon (3/15)              Sewer (1/1)

Altars:

Shops:
D:2 :

Annotations:
D:3 Jessica


Message History

The kobold barely misses you.
The kobold brigand hits you but does no damage.
You are now empty-handed.
The kobold hits you but does no damage.
You hit the kobold brigand.
The kobold brigand is severely wounded.
The kobold brigand hits you but does no damage.
The kobold hits you but does no damage.
You hit the kobold brigand.
The kobold brigand is severely wounded.
The kobold brigand hits you with a +0 short sword.
* * * LOW HITPOINT WARNING * * *
The kobold hits you but does no damage.
You hit the kobold brigand but do no damage.
The kobold brigand is severely wounded.
The kobold brigand hits you but does no damage.
The kobold hits you but does no damage.
You barely miss the kobold brigand.
The kobold brigand is severely wounded.
You feel sluggish.
The kobold brigand hits you but does no damage.
The kobold hits you with a +0 short sword.
* * * LOW HITPOINT WARNING * * *
You hit the kobold brigand.
The kobold brigand is almost dead.
The kobold brigand hits you but does no damage.
The kobold hits you with a +0 short sword.
* * * LOW HITPOINT WARNING * * *
You hit the kobold brigand but do no damage.
The kobold brigand is almost dead.
The kobold brigand hits you but does no damage.
The kobold hits you but does no damage.
Casting: Shock (safe; 3% risk of failure)
Confirm with . or Enter, or press ? or * to list all spells.
Aiming: Shock (safe; 3% risk of failure)
Press: ? - help, Shift-Dir - straight line, f/p - kobold brigand
Aim: a kobold brigand, wielding a +0 short sword and quivering poisoned darts (almost dead, 64% to hit)
The zap hits the kobold brigand.
The kobold brigand is almost dead.
The kobold brigand hits you with a +0 short sword.
You die...

#!.∩.#≈≈≈#
#..).#≈≈≈#
#..).#≈≈≈#
##''##≈≈≈#
#....#≈≈≈#
###...≈#≈≈≈#
#....≈≈≈≈≈≈#
##...P≈≈≈≈≈#
##.).≈P#≈≈≈#
#..KK≈≈#≈≈≈#
#...♣P.#≈≈≈#
#......#≈≈≈≈≈
#......#≈≈≈≈≈≈
#......#≈≈≈≈P.
##.....#
#.....#
#.....#
#.....#


You could see a kobold brigand and a kobold.

Vanquished Creatures
  4 adders
  A dart slug (D:1)
  2 ball pythons
  5 bats
  5 endoplasms
  2 giant cockroaches
  5 goblins
  3 hobgoblins (D:1)
  3 jackals (D:1)
  5 kobolds
  3 quokkas
  7 rats
45 creatures vanquished.

Vanquished Creatures (others)
  A plant (Sewer)
1 creature vanquished.

Grand Total: 46 creatures vanquished

Notes
Turn   | Place    | Note
-------+----------+-------------------------------------------
     0 | D:1      | grimtooth the Deep Elf Air Elementalist began the quest for
                  | the Orb.
     0 | D:1      | Reached XP level 1. HP: 10/10 MP: 6/6
   340 | D:1      | Reached XP level 2. HP: 15/15 MP: 4/8
   896 | D:1      | Reached XP level 3. HP: 19/19 MP: 3/9
  1179 | D:2      | Reached skill level 4 in Air Magic
  1422 | D:2      | Found Vetifont's Book Boutique.
  1842 | D:3      | Noticed Jessica
  1870 | D:3      | Found a glowing drain.
  1882 | D:3      | Learned a level 3 spell: Swiftness
  1893 | D:3      | Reached XP level 4. HP: 24/24 MP: 5/10
  1952 | Sewer    | Entered a sewer
  2004 | Sewer    | Noticed a kobold brigand
  2031 | Sewer    | Slain by a kobold brigand

Illustrated notes

Levels and vault maps discovered:
D:1:      nagdon_arrival_double_spiral, layout_rooms, minmay_tiny_reverse_x
D:2:      layout_rooms, serial_shops, nicolae_diamond_shop
D:3:      layout_basic, gup_sewer_entry_glass, minmay_mini_jars, uniq_jessica
Sewer:    kennysheep_pipe_town

Skill      XL: |  1  2  3 |
---------------+----------+-----
Conjurations   | 2 |  2.6
Air Magic      | 4 |  4.6
Dodging        | |  2.4
Stealth        | |  2.4
Spellcasting   | |  3.0

Action                   |  1- 3 |  4- 6 || total
-------------------------+-------+-------++-------
Melee: Unarmed           |       |     6 ||     6
 Cast: Shock             |    74 |    14 ||    88
       Swiftness         |     1 |     1 ||     2
  Use: Scroll            |       |     1 ||     1
       Potion            |       |     1 ||     1
Armor: Robe              |     2 |     2 ||     4
       Skin              |       |    21 ||    21
Dodge: Dodged            |     8 |    12 ||    20
